 Dungeon Crawl Stone Soup version 0.30-a0-29-g142975f185 (webtiles) character file.

Game seed: 16639665965752587115

37 fingers the Chopper (level 3, -3/33 HPs)
             Began as a Hill Orc Monk on Aug 26, 2022.
             Was a Plaything of Xom.
             Slain by a gnoll
             ... wielding a +0 halberd
              (14 damage)
             ... on level 2 of the Dungeon.
             The game lasted 00:03:36 (1486 turns).

fingers the Chopper (Hill Orc Monk)                 Turns: 1486, Time: 00:03:37

Health: -3/33      AC:  8    Str: 15    XL:     3   Next: 41%
Magic:  3/3        EV:  7    Int: 16    God:    Xom [..*...]
Gold:   95         SH:  0    Dex: 13    Spells: 2/2 levels left

rFire   . . .      SeeInvis .    a - +0 hand axe
rCold   . . .      Faith    .    (no shield)
rNeg    . . .      Spirit   .    k - +0 chain mail
rPois   .          Reflect  .    (no helmet)
rElec   .          Harm     .    (no cloak)
rCorr   .          Rampage  .    (no gloves)
Will    .....                    (no boots)
Stlth   ..........               l - amulet of regeneration
HPRegen 0.91/turn                j - +6 ring of intelligence
MPRegen 0.08/turn                (no ring)

@: confused, ambrosia-drunk
A: no striking features
a: Renounce Religion


You were on level 2 of the Dungeon.
You worshipped Xom.
You were a toy of Xom.
You visited 1 branch of the dungeon, and saw 2 of its levels.

You collected 95 gold pieces.

Inventory:

Hand Weapons
 a - a +0 hand axe (weapon)
Missiles
 d - 2 boomerangs (quivered)
Armour
 k - a +0 chain mail (worn)
Jewellery
 j - a +6 ring of intelligence (left hand)
 l - an amulet of regeneration (around neck)
Scrolls
 f - 3 scrolls of torment {unknown}
 g - 2 scrolls of identify {unknown}
 n - a scroll of poison {unknown}
Potions
 b - a potion of mutation {unknown}
 e - 4 potions of curing {unknown}
 h - a potion of degeneration {unknown}
 i - a potion of flight {unknown}
 m - a potion of attraction {unknown}
 o - a potion of brilliance {unknown}


   Skills:
 * Level 4.1 Fighting
 * Level 4.4 Axes
 * Level 1.3 Armour
 * Level 2.7 Dodging
 - Level 1.6 Stealth


You had 2 spell levels left.
You didn't know any spells.
Your spell library contained the following spells:

 Spells                   Type           Power      Damage    Failure   Level
 Conjure Ball Lightning   Conj/Air       0%         3x3d6     100%        6
 Discord                  Hex            0%         N/A       100%        8
 Disjunction              Tloc           0%         N/A       100%        8


Dungeon Overview and Level Annotations

Branches:
Dungeon (2/15)

Altars:
Xom

Shops:
D:1 (


Message History

The gnoll is heavily wounded.
You barely miss the giant cockroach. The giant cockroach bites you.
The gnoll hits you but does no damage. The gnoll barely misses you.
The giant cockroach closely misses you.
You hit the gnoll.
The gnoll is severely wounded.
You barely miss the giant cockroach. The gnoll barely misses you.
The gnoll hits you but does no damage. The giant cockroach closely misses you.
The gnoll hits you from afar with a +0 halberd.
You hit the gnoll but do no damage.
The gnoll is severely wounded.
You barely miss the giant cockroach.
The giant cockroach bites you but does no damage.
The gnoll hits you with a +0 club. The gnoll barely misses you.
You barely miss the gnoll.
The gnoll is severely wounded.
You completely miss the giant cockroach.
You barely miss the gnoll.
The giant cockroach bites you but does no damage.
The gnoll closely misses you. The gnoll hits you with a +0 club.
The gnoll hits you from afar with a +0 halberd.
The giant cockroach barely misses you.
You hit the gnoll but do no damage. You hit the giant cockroach.
You hit the gnoll but do no damage. The giant cockroach barely misses you.
The gnoll hits you with a +0 club. The gnoll closely misses you.
The gnoll hits you from afar with a +0 halberd.
* * * LOW HITPOINT WARNING * * *
You are confused.
You feel invigorated.
The giant cockroach bites you but does no damage.
The gnoll hits you with a +0 club. The gnoll closely misses you.
The gnoll hits you with a +0 club.
You hit the giant cockroach but do no damage.
The giant cockroach is heavily wounded.
You barely miss the gnoll. You closely miss the gnoll.
The giant cockroach barely misses you. The gnoll barely misses you.
The gnoll hits you with a +0 club!
The gnoll hits you from afar with a +0 halberd!
You die...
Xom roars with laughter!

#'# ..... g.
..... ####.
......
#?...####Bg....
#........g.....
#.....>.########
#...##.:.g.....#
#.........Bg...#
#........gg@...#
###......g######
#.......#
#.......#
##......#
#.......#
#.......#
#.†.....#
.............#


You could see 4 gnolls, a giant cockroach and a goblin.

Vanquished Creatures
  A gnoll (D:2)
  3 ball pythons
  2 endoplasms
  2 giant cockroaches (D:1)
  3 goblins
  2 hobgoblins (D:2)
  4 jackals (D:2)
  3 kobolds
  2 quokkas
  A bat (D:2)
  A rat (D:2)
24 creatures vanquished.

Notes
Turn   | Place    | Note
-------+----------+-------------------------------------------
     0 | D:1      | fingers the Hill Orc Monk began the quest for the Orb.
     0 | D:1      | Reached XP level 1. HP: 19/19 MP: 1/1
   369 | D:1      | Found Fykeaxem's Antique Weapon Shop.
   425 | D:1      | Reached XP level 2. HP: 27/27 MP: 2/2
  1003 | D:2      | Reached skill level 1 in Armour
  1146 | D:2      | Reached XP level 3. HP: 17/33 MP: 3/3
  1366 | D:2      | Found a faded altar of an unknown god.
  1422 | D:2      | Prayed at the altar of an unknown god.
  1422 | D:2      | Became a worshipper of The Xom-Meister
  1447 | D:2      | XOM: silly message
  1486 | D:2      | Slain by a gnoll

Illustrated notes

Levels and vault maps discovered:
D:1:      minmay_arrival_five_plusses, layout_basic, serial_shops, shop
D:2:      layout_basic, basic_ecumenical_altar, minmay_tromino_v7

Skill      XL: |  1  2 |
---------------+-------+-----
Armour         | 1 |  1.3
Fighting       | 4 |  4.1
Axes           | |  4.4
Dodging        | |  2.7
Stealth        | |  1.6

Action                   || total
-------------------------++-------
Melee: Hand axe          ||    61
       Punch             ||     1
Throw: Boomerang         ||    14
  Use: Potion            ||     1
Armor: Robe              ||     1
       Scale mail        ||    10
       Chain mail        ||    24
Dodge: Dodged            ||    47

Table legend: (Time is in decaauts)
 A = Elapsed time spent in this place.
 B = Non-inter-level travel time spent in this place.
 C = Inter-level travel time spent in this place.
 D = Time resting spent in this place.
 E = Time spent auto-exploring this place.
 F = Levels seen in this place.
 G = Mean time per level.
                   A        B        C        D        E       F      G
               +--------+--------+--------+--------+--------+-----+--------+
         Total |   1495 |   1367 |    128 |    121 |    852 |   2 |  747.5 |
       Dungeon |   1495 |   1367 |    128 |    121 |    852 |   2 |  747.5 |
               +--------+--------+--------+--------+--------+-----+--------+

Top non-repeatable levels by time:
     D:1: 997 daAuts
     D:2: 498 daAuts
